 Dungeon Crawl Stone Soup version 0.22-a0-247-gbddf880 (webtiles) character file.

1386 reaverb the Chopper (level 8, -2/60 HPs)
             Began as a Demonspawn Warper on Feb 26, 2018.
             Was a Believer of Vehumet.
             Slain by an orc warrior
             ... wielding a +0 morningstar
              (18 damage)
             ... on level 5 of the Dungeon on Feb 27, 2018.
             The game lasted 00:22:37 (7818 turns).

reaverb the Chopper (Demonspawn Warper)             Turns: 7818, Time: 00:22:37

Health: -2/60      AC:  7    Str: 12    XL:     8   Next: 40%
Magic:  11/14      EV: 12    Int: 16    God:    Vehumet [**....]
Gold:   31         SH:  0    Dex: 13    Spells: 0/15 levels left

rFire    . . .     SeeInvis .   w - +1 war axe
rCold    . . .     Gourm    .   (no shield)
rNeg     . . .     Faith    .   b - +0 leather armour
rPois    .         Spirit   .   h - +1 helmet
rElec    .         Reflect  .   (no cloak)
rCorr    .         Harm     .   (no gloves)
MR       +....                  (no boots)
Stlth    +.........             (no amulet)
HPRegen  0.20/turn              p - ring of wizardry
MPRegen  0.14/turn              l - ring of protection from magic

@: no status effects
A: hooves 2, icy blue scales 1, powered by death 2, spiny 1
a: Renounce Religion


You were on level 5 of the Dungeon.
You worshipped Vehumet.
Vehumet was pleased with you.
You were not hungry.

You visited 1 branch of the dungeon, and saw 7 of its levels.

You collected 379 gold pieces.
You spent 348 gold pieces at shops.

Notes
Turn   | Place    | Note
-------+----------+-------------------------------------------
     0 | D:1      | reaverb the Demonspawn Warper began the quest for the Orb.
     0 | D:1      | Reached XP level 1. HP: 16/16 MP: 3/3
    44 | D:1      | Reached skill level 2 in Axes
   376 | D:1      | Gained mutation: You have large cloven feet. [demonic ancestry]
   376 | D:1      | Reached XP level 2. HP: 18/22 MP: 5/5
   657 | D:1      | Reached skill level 3 in Axes
   923 | D:2      | Learned a level 2 spell: Blink
   926 | D:2      | Learned a level 2 spell: Shroud of Golubria
   982 | D:2      | Gained mutation: You regenerate a little health from kills. [demonic ancestry]
   982 | D:2      | Reached XP level 3. HP: 27/27 MP: 1/6
  1055 | D:2      | Huge Dmg: 6 Dmg
  1253 | D:2      | Found a faded altar of an unknown god.
  1268 | D:2      | Became a worshipper of Vehumet
  1268 | D:2      | Reached * piety under Vehumet
  1268 | D:2      | Offered knowledge of Sting by Vehumet.
  1271 | D:2      | Learned a level 1 spell: Sting
  1481 | D:2      | Found a shimmering altar of Xom.
  1725 | D:3      | Huge Dmg: 6 Dmg
  1729 | D:2      | Huge Dmg: 5 Dmg
  1730 | D:2      | Huge Dmg: 6 Dmg
  1732 | D:2      | Reached skill level 4 in Axes
  1732 | D:2      | Reached XP level 4. HP: 11/33 MP: 2/7
  2002 | D:3      | Learned a level 2 spell: Call Imp
  2297 | D:3      | Found an iron altar of Okawaru.
  2356 | D:3      | Noticed Nornya's ghost (amateur GnSk)
  2534 | D:3      | Huge Dmg: 11 Dmg
  2826 | D:4      | Found a staircase to the Ecumenical Temple.
  2890 | D:4      | Noticed an ice beast
  2914 | D:4      | Huge Dmg: 13 Dmg
  2922 | D:4      | Huge Dmg: 8 Dmg
  2922 | D:4      | Killed an ice beast
  2922 | D:4      | Gained mutation: You are partially covered in sharp spines. [demonic ancestry]
  2922 | D:4      | Reached XP level 5. HP: 15/38 MP: 4/8
  3114 | D:4      | Reached ** piety under Vehumet
  3114 | D:4      | Offered knowledge of Searing Ray by Vehumet.
  3650 | D:4      | Gained mutation: You regenerate health from kills. [demonic ancestry]
  3650 | D:4      | Reached XP level 6. HP: 44/44 MP: 7/9
  3654 | D:4      | Learned a level 2 spell: Searing Ray
  3785 | D:4      | Huge Dmg: 22 Dmg
  3808 | D:4      | Huge Dmg: 12 Dmg
  4133 | D:3      | Huge Dmg: 8 Dmg
  4303 | D:3      | Noticed Sigmund
  4305 | D:3      | Huge Dmg: 11 Dmg
  4308 | D:3      | Huge Dmg: 8 Dmg
  4314 | D:3      | Killed Sigmund
  4314 | D:3      | Reached skill level 5 in Axes
  4584 | D:5      | Entered Level 5 of the Dungeon
  4596 | D:5      | Huge Dmg: 12 Dmg
  4597 | D:5      | Huge Dmg: 7 Dmg
  4597 | D:5      | Reached skill level 6 in Axes
  4745 | D:5      | Gained mutation: You have hoof-like feet. [demonic ancestry]
  4745 | D:5      | Reached XP level 7. HP: 50/50 MP: 7/10
  4775 | D:5      | Noticed Menkaure
  4778 | D:5      | Huge Dmg: 24 Dmg
  4791 | D:5      | Huge Dmg: 13 Dmg
  4792 | D:5      | Huge Dmg: 6 Dmg
  5199 | D:5      | Huge Dmg: 26 Dmg
  5199 | D:5      | Killed Menkaure
  5404 | D:5      | Reached skill level 7 in Axes
  5582 | D:5      | Huge Dmg: 13 Dmg
  5582 | D:5      | Found a sparkling altar of Nemelex Xobeh.
  5588 | D:5      | Huge Dmg: 7 Dmg
  5752 | D:5      | Huge Dmg: 13 Dmg
  5780 | D:5      | Learned a level 3 spell: Conjure Flame
  6092 | D:6      | Found Quirph Qikh's Assorted Antiques.
  6099 | D:6      | Offered knowledge of Throw Flame by Vehumet.
  6112 | D:6      | Bought a gold wand for 116 gold pieces
  6112 | D:6      | Bought a scroll labeled ICIUMY JELA for 29 gold pieces
  6112 | D:6      | Bought a scroll of teleportation for 87 gold pieces
  6134 | D:6      | Reached skill level 1 in Fire Magic
  6134 | D:6      | Gained mutation: You are partially covered in icy blue scales. (AC +2) [demonic ancestry]
  6134 | D:6      | Reached XP level 8. HP: 55/56 MP: 12/12
  6323 | D:6      | Found a radiant altar of Vehumet.
  6335 | D:6      | Found a sacrificial altar of Ru.
  6510 | D:6      | Bought a forked ivory wand for 116 gold pieces
  6637 | D:6      | Huge Dmg: 16 Dmg
  6921 | D:7      | Huge Dmg: 8 Dmg
  6922 | D:7      | Huge Dmg: 6 Dmg
  6939 | D:6      | Huge Dmg: 8 Dmg
  7196 | D:6      | Learned a level 2 spell: Throw Flame
  7201 | D:6      | Learned a level 3 spell: Mephitic Cloud
  7252 | D:5      | Huge Dmg: 24 Dmg
  7253 | D:5      | Huge Dmg: 15 Dmg
  7364 | D:5      | Huge Dmg: 9 Dmg
  7462 | D:5      | Huge Dmg: 16 Dmg
  7498 | D:5      | Huge Dmg: 9 Dmg
  7590 | D:5      | Huge Dmg: 12 Dmg
  7804 | D:5      | Huge Dmg: 17 Dmg
  7814 | D:5      | Huge Dmg: 15 Dmg
  7816 | D:5      | Huge Dmg: 14 Dmg
  7818 | D:5      | Slain by an orc warrior

Inventory:

Hand Weapons
 a - a +0 hand axe
 w - a +1 war axe (weapon)
Missiles
 e - 5 tomahawks of dispersal (quivered)
 u - 8 tomahawks
Armour
 b - a +0 leather armour (worn)
 h - a +1 helmet (worn)
Jewellery
 l - a ring of protection from magic (right hand)
 m - an uncursed ring of resist corrosion
 n - an uncursed ring of protection from fire
 p - a ring of wizardry (left hand)
Wands
 q - a wand of flame (15)
 y - a wand of iceblast (14)
 z - a wand of paralysis (5)
Scrolls
 d - 2 scrolls of blinking
 i - 4 scrolls of remove curse
 j - 3 scrolls of identify
 k - 3 scrolls of immolation {!r}
 o - 2 scrolls of teleportation
Potions
 f - 2 potions of agility
 g - 4 potions of curing
 r - 2 potions of heal wounds
 s - a potion of magic {unknown}
 t - a potion of mutation {unknown}
 v - 2 potions of might
 A - a potion of brilliance {unknown}
Comestibles
 c - 9 rations

Table legend:
 A = Turns spent in this place as a percentage of turns spent in the entire game.
 B = Non-inter-level travel turns spent in this place as a percentage of non-inter-level travel turns spent in the entire game.
 C = Inter-level travel turns spent in this place as a percentage of turns spent in this place.
 D = Turns resting spent in this place as a percentage of non-inter-level travel turns spent in this place.
 E = Turns spent auto-exploring this place as a percentage of non-inter-level travel turns spent in this place.
 F = Non-inter-level travel turns spent in this place divided by the number of levels of this place that you've seen.
                   A       B       C       D       E      F
               +-------+-------+-------+-------+-------+----------------------
         Total | 100.0 | 100.0 |   3.2 |  42.9 |  26.0 | 1080.9
       Dungeon | 100.0 | 100.0 |   3.2 |  42.9 |  26.0 | 1080.9
               +-------+-------+-------+-------+-------+----------------------


   Skills:
 - Level 3.8 Fighting
 - Level 7.5 Axes
 - Level 0.8 Throwing
 - Level 0.8 Armour
 + Level 1.7 Dodging
 - Level 4.2 Spellcasting
 - Level 3.3 Conjurations
 - Level 2.6 Translocations
 - Level 1.1 Fire Magic


You couldn't memorise any spells.
You knew the following spells:

 Your Spells              Type           Power        Failure   Level  Hunger
a - Searing Ray           Conj           ##....       3%          2    ##.....
b - Shroud of Golubria    Chrm/Tloc      #.........   8%          2    ##.....
c - Sting                 Conj/Pois      #...         4%          1    None
d - Mephitic Cloud        Conj/Pois/Air  #.......     16%         3    ###....
e - Conjure Flame         Conj/Fire      ##......     11%         3    ###....
f - Throw Flame           Conj/Fire      ##....       5%          2    ##.....
A - Blink                 Tloc           N/A          4%          2    ##.....


Dungeon Overview and Level Annotations

Branches:
Dungeon (7/15)             Temple (0/1) D:4

Altars:
Nemelex Xobeh
Okawaru
Ru
Vehumet
Xom

Shops:
D:6 *

Annotations:
D:2 exclusion: downstairs
D:3 Nornya's ghost, amateur GnSk
D:4 10 exclusions
D:5 exclusions: upstairs and 19 more exclusions


Innate Abilities, Weirdness & Mutations

You have hoof-like feet.
You are partially covered in icy blue scales. (AC +2)
You regenerate health from kills.
You are partially covered in sharp spines.


Message History

Huge Dmg: -15%(-9hp) hp: 42%(25hp) Really walk into a travel-excluded area?
Okay, then.
The orc warrior barely misses you.
Casting: Searing Ray (safe; 3% risk of failure)
Confirm with . or Enter, or press ? or * to list all spells.
Aiming: Mephitic Cloud (safe; 16% risk of failure)
Press: ? - help, Shift-Dir - straight line, f/p - orc warrior
Aim: an orc warrior, wielding a morningstar and wearing a plate armour You miscast Mephitic Cloud.
You are very lightly contaminated with residual magic.
You are poisoned.
You feel sick. x2
Damage: -2%(-1hp) hp: 67%(40hp)
You feel sick.
Damage: -2%(-1hp) hp: 65%(39hp)
You feel sick.
Damage: -1%(-1hp) hp: 64%(38hp)
You feel sick.
Damage: -2%(-1hp) hp: 62%(37hp)
You feel sick.
You feel sick.
Damage: -2%(-1hp) hp: 60%(36hp)
You feel sick.
Damage: -1%(-1hp) hp: 59%(35hp)
You feel sick.
You feel sick.
The orc warrior hits you with a morningstar!
* * * LOW HITPOINT WARNING * * *
Huge Dmg: -20%(-12hp) hp: 39%(23hp)
You feel sick.
Damage: -2%(-1hp) hp: 37%(22hp)
You feel sick.
Damage: -2%(-1hp) hp: 37%(22hp)
You feel sick.
You feel sick.
Damage: -2%(-1hp) hp: 35%(21hp)
There is a stone staircase leading up here.
This staircase is marked as excluded!
Enter next level anyway?
You climb upwards.
Level annotation: 10 exclusions You feel sick.
There is a stone staircase leading down here.
Damage: -2%(-1hp) hp: 35%(21hp)
You start resting.
You feel sick.
You are no longer poisoned.
You start resting.
Your magical contamination has completely faded away.
You start resting.
HP restored.
You climb downwards.
Level annotation: exclusions: upstairs and 19 more exclusions The orc warrior is struck by your spines.
The orc warrior completely misses you.
The orc warrior is struck by your spines.
The orc warrior hits you with a morningstar!
There is a stone staircase leading up, spattered with blood here.
Huge Dmg: -28%(-17hp) hp: 72%(43hp)
Casting: Mephitic Cloud (safe; 16% risk of failure)
Confirm with . or Enter, or press ? or * to list all spells.
You blink.
Casting: Blink (safe; 4% risk of failure)
Confirm with . or Enter, or press ? or * to list all spells.
Aiming: Mephitic Cloud (safe; 16% risk of failure)
Press: ? - help, Shift-Dir - straight line The ball explodes into a vile cloud!
The stinking cloud engulfs the orc warrior.
The orc warrior is lightly wounded.
The orc warrior is engulfed in noxious fumes.
The orc warrior appears confused.
Really walk into a travel-excluded area?
You catch the helpless orc warrior completely off-guard!
You hit the orc warrior. You kick the orc warrior.
The orc warrior is moderately wounded.
You hit the orc warrior but do no damage.
The orc warrior is moderately wounded.
The orc warrior seems less confused.
The orc warrior hits you with a morningstar!
* * * LOW HITPOINT WARNING * * *
Huge Dmg: -25%(-15hp) hp: 50%(30hp)
You barely miss the orc warrior.
You kick the orc warrior, but do no damage.
The orc warrior is moderately wounded.
The orc warrior is struck by your spines.
The orc warrior hits you with a morningstar!
* * * LOW HITPOINT WARNING * * *
Huge Dmg: -23%(-14hp) hp: 27%(16hp)
You hit the orc warrior.
You kick the orc warrior, but do no damage.
The orc warrior is heavily wounded.
The orc warrior completely misses you.
You slash the orc warrior!
You kick the orc warrior, but do no damage.
The orc warrior is almost dead.
You hit the orc warrior. Your kick misses the orc warrior.
The orc warrior is almost dead.
The orc warrior hits you with a morningstar!!
You die...

#.#########...######.....?#..##
#.# ##...###....####)#.... #.#
#........#.........### #.#
#.#.#......#####.### #.#
####.#.##......# #..#### #.#
#.)....##..###.#####..#.. #.#
#......##..# #...####.#.. ###
#......##..# ###.........
#.......@o.# ######....
#........#.# #....
##.#####.##.# ###..
####........##.##### #..
#<......####.......########..
#.......# #.................
#.......# #.......##########
######### #########


You could see an orc warrior.

Table legend:
 A = Kills in this place as a percentage of kills in entire the game.
 B = Kills by you in this place as a percentage of kills by you in the entire game.
 C = Kills by friends in this place as a percentage of kills by friends in the entire game.
 D = Other kills in this place as a percentage of other kills in the entire game.
 E = Experience gained in this place as a percentage of experience gained in the entire game.
 F = Experience gained in this place divided by the number of levels of this place that you have seen.
                   A       B       C       D       E      F
               +-------+-------+-------+-------+-------+----------------------
         Total | 100.0 | 100.0 | 100.0 |   N/A | 100.0 | 283.0
       Dungeon | 100.0 | 100.0 | 100.0 |   N/A | 100.0 | 283.0
               +-------+-------+-------+-------+-------+----------------------

Vanquished Creatures
  Sigmund (D:3)
  Menkaure (D:5)
  An ice beast (D:4)
  A sky beast (D:6)
  An ogre (D:5)
  A centaur (D:5)
  A bullfrog (D:6)
  A wyvern skeleton (D:6)
  A howler monkey (D:2)
  A crimson imp (D:5)
  A jelly (D:6)
  An orc priest (D:6)
  2 hounds
  2 bullfrog skeletons (D:5)
  2 iguanas
  5 orc wizards
  A worker ant (D:5)
  3 hound skeletons
  2 adders
  A shadow imp (D:5)
  An ooze (D:5)
  An adder skeleton (D:4)
  3 worms
  A dart slug (D:4)
  3 leopard geckos
  16 orcs
  2 ball pythons
  3 giant cockroaches
  8 goblins
  3 hobgoblins
  2 jackals (D:3)
  2 quokkas (D:2)
  7 bats
  6 frilled lizards
  8 kobolds
  11 rats
107 creatures vanquished.

Vanquished Creatures (collateral kills)
  A rat (D:3)
1 creature vanquished.

Grand Total: 108 creatures vanquished

Action                   |  1- 3 |  4- 6 |  7- 9 || total
-------------------------+-------+-------+-------++-------
Melee: Hand axe          |   137 |   130 |       ||   267
       Kick              |    13 |    26 |    35 ||    74
       War axe           |       |       |   104 ||   104
 Cast: Shroud of Golubri |     4 |     8 |     6 ||    18
       Sting             |     9 |    24 |     4 ||    37
       Call Imp          |       |     1 |     2 ||     3
       Blink             |       |     2 |     2 ||     4
       Searing Ray       |       |     4 |     4 ||     8
       Conjure Flame     |       |       |     3 ||     3
       Mephitic Cloud    |       |       |     2 ||     2
  Use: Scroll            |     1 |     6 |     7 ||    14
 Stab: Confused          |       |       |     1 ||     1
  Eat: Chunk             |     4 |     7 |     6 ||    17
       Ration            |       |     1 |     2 ||     3
Armor: Leather armour    |    51 |    27 |    25 ||   103
Dodge: Dodged            |   113 |    68 |    69 ||   250
